 Dungeon Crawl Stone Soup version 0.28.0 (webtiles) character file.

Game seed: 11245264656872378619

16756 browni3141 the Severer (level 12, -2/111 HPs)
             Began as a Minotaur Berserker on Feb 17, 2022.
             Was an Elder of Trog.
             Killed from afar by a smoke demon (22 damage)
             ... with a ball of steam
             ... in a volcano.
             The game lasted 00:06:15 (12013 turns).

browni3141 the Severer (Minotaur Berserker)        Turns: 12013, Time: 00:06:15

Health: -2/111     AC: 23    Str: 25    XL:     12   Next: 12%
Magic:  11/11      EV:  7    Int:  4    God:    Trog [****..]
Gold:   792        SH: 13    Dex: 28    Spells: 11/11 levels left

rFire   . . .      SeeInvis .   C - +2 war axe (flame)
rCold   . . .      Faith    .   D - +0 kite shield
rNeg    + . .      Spirit   .   h - +0 plate armour
rPois   .          Reflect  .   (helmet restricted)
rElec   .          Harm     +   w - +1 cloak
rCorr   .          Rampage  .   l - +0 pair of gloves of Limited Liability {-Cast Harm rN+ Dex+10}
Will    ++...      NoCast   +   (no boots)
Stlth   ..........              g - amulet of regeneration
HPRegen 2.08/turn               X - +6 ring of dexterity
MPRegen 0.12/turn               O - +4 ring of protection

@: strong-willed, on berserk cooldown, regenerating, slowed, very slow
A: horns 2, retaliatory headbutt
a: Renounce Religion, Berserk, Trog's Hand, Brothers in Arms


You were in a volcano.
You worshipped Trog.
Trog was greatly pleased with you.
You visited 2 branches of the dungeon, and saw 11 of its levels.
You also visited: Volcano.

You collected 792 gold pieces.


Innate Abilities, Weirdness & Mutations

You have a pair of horns on your head.
You reflexively headbutt those who attack you in melee.


   Skills:
 + Level 11.7 Fighting
 * Level 15.8 Axes
 + Level 11.3 Armour
 - Level 2.1 Dodging
 * Level 6.4 Shields
 * Level 4.5 Evocations


You had 11 spell levels left.
You didn't know any spells.
Your spell library was empty.

Inventory:

Hand Weapons
 a - a +0 hand axe
 t - a +0 war axe
 u - a +0 battleaxe
 z - a +6 war axe
 C - a +2 war axe of flaming (weapon)
Armour
 b - a +0 animal skin
 h - a +0 plate armour (worn)
 l - the +0 pair of gloves of Limited Liability (worn) {-Cast Harm rN+ Dex+10}
   (You found it on level 4 of the Dungeon)

   Dex:       It affects your dexterity (+10).
   rN:        It protects you from negative energy.
   -Cast:     It prevents spellcasting.
   Harm:      It increases damage dealt and taken.
 w - a +1 cloak (worn)
 D - a +0 kite shield (worn)
Jewellery
 g - an amulet of regeneration (around neck)
 N - a ring of positive energy
 O - a +4 ring of protection (right hand)
 X - a +6 ring of dexterity (left hand)
Wands
 y - a wand of paralysis (13)
 A - a wand of polymorph (15)
 E - a wand of digging (7)
 H - a wand of iceblast (3)
Scrolls
 c - 9 scrolls of identify {unknown}
 f - 2 scrolls of holy word {unknown}
 k - a scroll of summoning {unknown}
 n - a scroll of enchant armour {unknown}
 o - 5 scrolls of teleportation {unknown}
 q - a scroll of vulnerability {unknown}
 s - 2 scrolls of magic mapping {unknown}
 v - a scroll of fear {unknown}
 x - 2 scrolls of fog {unknown}
 L - a scroll of immolation {unknown}
 M - a scroll of brand weapon {unknown}
 P - a scroll of blinking {unknown}
Potions
 d - 2 potions of brilliance {unknown}
 e - a potion of experience {unknown}
 i - 4 potions of haste {unknown}
 j - 2 potions of mutation {unknown}
 m - 2 potions of might {unknown}
 p - 6 potions of curing {unknown}
 r - 2 potions of heal wounds {unknown}
 B - a potion of attraction {unknown}
 G - 2 potions of lignification {unknown}
 I - a potion of degeneration {unknown}
 J - a potion of flight {unknown}
Miscellaneous
 F - a lightning rod (4/4)
 K - a box of beasts

Dungeon Overview and Level Annotations

Branches:
Dungeon (10/15)            Temple (0/1) D:5            Lair (1/6) D:10
Volcano (1/1)
    Orc: D:9-12

Altars:
Ashenzari
Cheibriados
Dithmenos
Elyvilon
Fedhas
Kikubaaqudgha
Makhleb
Nemelex Xobeh
Xom
Yredelemnul
The Shining One
Jiyva

Portals:
Trove: D:10 (give 12 potions of heal wounds)

#......## #..§..
##.§....###.....#
#§§.....≈......#
#......#......#
#.....§§§....##
##....§†3.§....#
#......§.≈§§...#
#.....O#####....§##
#.....@# #.....#
#.....≈## #§....#
##......## #...§#
##......####....##
##......#§#..§..#
###...§§§.....##
#...§§§......##
#......###....##
##..§.§###...§.###


You could see a friendly ogre (summoned, berserk).


Message History

The sun demon hits you but does no damage.
The smoke demon gestures at you.
The ball of steam hits the sun demon.
The sun demon resists.
The ball of steam hits you!!
* * * LOW HITPOINT WARNING * * *
You are too injured to fight recklessly!
You are too injured to fight recklessly!
You are too injured to fight recklessly!
You closely miss the sun demon.
The sun demon is severely wounded.
You are engulfed in a cloud of scalding steam.
You block the sun demon's attack.
You slice the sun demon!!
You kill the sun demon!
Trog accepts your kill.
You are engulfed in a cloud of scalding steam.
You are no longer berserk.
You are exhausted.
You feel yourself slow down. The smoke demon gestures at you.
Something smites you!
* * * LOW HITPOINT WARNING * * *
Why would you want to do that?
Unknown command.
Your skin crawls.
You feel strong-willed.
Your ogre goes berserk!
The smoke demon gestures at you. The ball of steam hits your ogre!!
The ball of steam hits you!!
You die...

Skill      XL: |  1  2  3  4  5  6  7  8  9 10 11 |
---------------+----------------------------------+-----
Axes           | 4 5 6 7 8 11 12 14 15 | 15.8
Fighting       | 4 5 6 8 9 10 11 | 11.7
Armour         | 3 4 5 6 7 9 10 11 | 11.3
Shields        | 6 |  6.4
Evocations     | 4 |  4.5
Dodging        | |  2.1

Action                   |  1- 3 |  4- 6 |  7- 9 | 10-12 || total
-------------------------+-------+-------+-------+-------++-------
Melee: Hand axe          |    91 |    75 |    65 |       ||   231
       Headbutt          |    13 |     8 |    29 |    51 ||   101
       Punch             |     2 |       |     1 |     2 ||     5
       Battleaxe         |       |       |    77 |    14 ||    91
       War axe           |       |       |    13 |   218 ||   231
Invok: Berserk           |     1 |     2 |     9 |    11 ||    23
       Trog's Hand       |       |       |       |     1 ||     1
       Brothers in Arms  |       |       |       |     1 ||     1
 Stab: Sleeping          |     1 |       |       |       ||     1
Armor: Animal skin       |    21 |       |       |       ||    21
       Plate armour      |     3 |    61 |    92 |   117 ||   273
Dodge: Dodged            |    55 |    14 |    58 |    64 ||   191
Block: Kite shield       |       |       |       |    69 ||    69

Levels and vault maps discovered:
D:1:      pf_arrival_petrified_forest, layout_loops_cross, grunt_decor_cap,
          hangedman_decor_clover_reticule
D:2:      layout_basic, serial_rivers, chequers_serial_rivers_micro_c,
          chequers_serial_rivers_micro_a, chequers_serial_rivers_small_a,
          chequers_serial_rivers_small_b, basic_altar
D:3:      layout_loops_ring, marbit_many_paths
D:4:      layout_layer_cave, nicolae_dithmenos_the_darkroom
D:5:      layout_loops_ring, minmay_temple_entry_arrows, minmay_hedge_maze,
          uniq_blork_the_orc
D:6:      layout_cave_pools
D:7:      layout_basic, kennysheep_ying_yang, doesnt_xom_only_xom, uniq_pikel
D:8:      layout_layer_cave, uniq_prince_ribbit1, uniq_erica
D:9:      layout_loops_ring, mainiacjoe_overflow_brackets,
          lemuel_zombie_altar_kikubaaqudgha, minivault_21,
          corexii_hall_statues_x
D:10:     layout_basic, dpeg_oklobed_lair, enter_trove_6, uniq_fannar,
          uniq_maurice
Lair:1:   layout_cave_pods, gammafunk_ghost_ooze,
          nicolae_volcano_entry_lava_flow, basic_altar
Volcano:  hellmonk_smoking_crater

Notes
Turn   | Place    | Note
-------+----------+-------------------------------------------
     0 | D:1      | browni3141 the Minotaur Berserker began the quest for the
                  | Orb.
     0 | D:1      | Reached XP level 1. HP: 19/19 MP: 0/0
   261 | D:1      | Reached skill level 4 in Axes
   268 | D:1      | Reached XP level 2. HP: 27/27 MP: 1/1
   854 | D:1      | Reached skill level 4 in Fighting
   941 | D:1      | Reached ** piety under Trog
   942 | D:1      | Reached skill level 3 in Armour
   942 | D:1      | Reached XP level 3. HP: 33/33 MP: 2/2
  1081 | D:2      | Found a snail-covered altar of Cheibriados.
  1387 | D:2      | You fall into a shaft and drop 2 floors!
  1452 | D:4      | Noticed a water moccasin
  1460 | D:4      | Killed a water moccasin
  1461 | D:4      | Reached skill level 5 in Axes
  1461 | D:4      | Reached XP level 4. HP: 41/41 MP: 3/3
  1461 | D:4      | Reached XP level 5. HP: 47/47 MP: 4/4
  2214 | D:3      | Reached skill level 4 in Armour
  2326 | D:3      | Found a glowing golden altar of the Shining One.
  2560 | D:4      | Reached skill level 6 in Axes
  2612 | D:4      | Reached skill level 5 in Fighting
  2617 | D:4      | Reached XP level 6. HP: 56/56 MP: 5/5
  2727 | D:4      | Identified the +0 pair of gloves of Limited Liability
                  | {-Cast Harm rN+ Dex+10}
  2742 | D:4      | Reached skill level 7 in Axes
  3457 | D:4      | Reached skill level 5 in Armour
  3536 | D:4      | Found a shadowy altar of Dithmenos.
  3547 | D:4      | Reached XP level 7. HP: 33/62 MP: 6/6
  3708 | D:4      | Reached skill level 6 in Fighting
  4248 | D:5      | Entered Level 5 of the Dungeon
  4254 | D:5      | Reached skill level 8 in Axes
  4269 | D:5      | Noticed Blork the orc
  4283 | D:5      | Killed Blork the orc
  4426 | D:5      | Reached *** piety under Trog
  4444 | D:5      | Identified the +4 ring mail "Gitton" {Str+2}
  4492 | D:5      | Reached skill level 6 in Armour
  4499 | D:5      | Reached XP level 8. HP: 71/71 MP: 7/7
  4753 | D:5      | Reached skill level 9 in Axes
  4945 | D:5      | Found a staircase to the Ecumenical Temple.
  4969 | D:5      | Reached skill level 7 in Fighting
  5327 | D:6      | Reached skill level 10 in Axes
  5327 | D:6      | Reached skill level 7 in Armour
  5598 | D:6      | Noticed a two-headed ogre
  5604 | D:6      | Killed a two-headed ogre
  5605 | D:6      | Reached skill level 8 in Fighting
  5605 | D:6      | Reached skill level 11 in Axes
  5605 | D:6      | Reached XP level 9. HP: 77/81 MP: 8/8
  6140 | D:7      | Noticed Pikel
  6147 | D:7      | Killed Pikel
  6148 | D:7      | Reached skill level 8 in Armour
  6413 | D:7      | Reached skill level 12 in Axes
  6414 | D:7      | Reached skill level 9 in Fighting
  6451 | D:7      | Found a sacrificial altar of Ru.
  6453 | D:7      | Found a shimmering altar of Xom.
  6453 | D:7      | Found a sparkling altar of Nemelex Xobeh.
  6457 | D:7      | Found a blossoming altar of Fedhas.
  6457 | D:7      | Found a white marble altar of Elyvilon.
  6457 | D:7      | Found a burning altar of Makhleb.
  6743 | D:7      | Noticed a two-headed ogre
  6749 | D:7      | Reached **** piety under Trog
  6751 | D:7      | Killed a two-headed ogre
  6752 | D:7      | Reached skill level 9 in Armour
  6752 | D:7      | Reached XP level 10. HP: 91/91 MP: 9/9
  7037 | D:7      | Reached skill level 13 in Axes
  7054 | D:7      | Found a white marble altar of Elyvilon.
  7083 | D:7      | Paralysed by a wight for 2 turns
  7123 | D:7      | Found a basalt altar of Yredelemnul.
  8135 | D:8      | Noticed Prince Ribbit
  8147 | D:8      | Killed Prince Ribbit
  8478 | D:8      | Noticed Erica
  8486 | D:8      | Killed Erica
  8487 | D:8      | Reached skill level 10 in Fighting
  8888 | D:8      | Reached skill level 10 in Armour
  8889 | D:8      | Reached skill level 14 in Axes
  9107 | D:9      | Noticed a two-headed ogre
  9114 | D:9      | Killed a two-headed ogre
  9351 | D:9      | Reached XP level 11. HP: 101/101 MP: 10/10
  9585 | D:9      | Reached skill level 1 in Shields
  9617 | D:9      | Found a broken altar of Ashenzari.
  9900 | D:9      | Found an ancient bone altar of Kikubaaqudgha.
 10125 | D:10     | Entered Level 10 of the Dungeon
 10170 | D:10     | Reached skill level 2 in Shields
 10495 | D:10     | Noticed an oklob plant
 10499 | D:10     | Found a staircase to the Lair.
 10511 | D:10     | Reached skill level 11 in Fighting
 10511 | D:10     | Reached skill level 1 in Evocations
 10524 | D:10     | Killed an oklob plant
 10709 | D:10     | Noticed Fannar
 10720 | D:10     | Killed Fannar
 10721 | D:10     | Reached skill level 15 in Axes
 10721 | D:10     | Reached skill level 3 in Shields
 10721 | D:10     | Reached skill level 2 in Evocations
 10809 | D:10     | Noticed Maurice
 10834 | D:10     | Killed Maurice
 10866 | D:10     | Found a portal to a secret trove of treasure.
 11596 | D:10     | Reached skill level 4 in Shields
 11696 | Lair:1   | Entered Level 1 of the Lair of Beasts
 11696 | Lair:1   | Found a runed translucent gate.
 11696 | Lair:1   | Found a runed translucent gate.
 11696 | Lair:1   | Found a runed translucent gate.
 11698 | Lair:1   | Noticed Bauqient's ghost (journeyman MfSu)
 11698 | Lair:1   | Noticed a great orb of eyes
 11701 | Lair:1   | Found a viscous altar of Jiyva.
 11711 | Lair:1   | Reached skill level 3 in Evocations
 11715 | Lair:1   | Killed a great orb of eyes
 11716 | Lair:1   | Reached skill level 11 in Armour
 11717 | Lair:1   | Killed Bauqient's ghost
 11718 | Lair:1   | Reached skill level 5 in Shields
 11898 | Lair:1   | Found a dark tunnel.
 11906 | Lair:1   | Noticed a five-headed hydra
 11916 | Lair:1   | Killed a three-headed hydra
 11917 | Lair:1   | Reached skill level 4 in Evocations
 11946 | Volcano  | Entered a volcano
 11984 | Volcano  | Noticed a sun demon
 11992 | Volcano  | Reached skill level 6 in Shields
 11992 | Volcano  | Reached XP level 12. HP: 65/110 MP: 11/11
 12013 | Volcano  | Killed from afar by a smoke demon

Vanquished Creatures
  Fannar (D:10)
  A great orb of eyes (Lair:1)
  A hydra (Lair:1)
  The ghost of Bauqient the Spear-Bearer, a journeyman MfSu of Sif Muna (Lair:1)
  3 two-headed ogres
  Erica (D:8)
  2 sun demons (Volcano)
  Pikel (D:7)
  An oklob plant (D:10)
  Maurice (D:10)
  A smoke demon (Volcano)
  A komodo dragon (Lair:1)
  3 trolls
  A hornet (D:10)
  3 slime creatures (Lair:1)
  Prince Ribbit (D:8)
  18 yaks
  2 steam dragons (Volcano)
  A water moccasin (D:4)
  2 hell hounds (Volcano)
  5 sky beasts
  4 orc warriors
  4 black bears
  A hornet zombie (D:7)
  3 ogres
  2 necrophages
  2 centaurs
  3 wolves (Lair:1)
  2 lemures (D:7)
  A phantom (D:7)
  A kobold brigand (D:7)
  Blork the orc (D:5)
  4 bullfrogs
  3 gnoll sergeants
  2 scorpions
  8 wights (D:7)
  8 howler monkeys
  A centaur zombie (D:5)
  A bullfrog zombie (D:7)
  2 hounds
  7 jellies
  7 orc priests
  A gnoll shaman (D:8)
  An iguana (D:5)
  5 orc wizards
  2 howler monkey zombies
  19 gnolls
  A howler monkey skeleton (D:4)
  7 adders
  A shadow imp (D:7)
  A white imp (D:7)
  An adder skeleton (D:5)
  3 dart slugs
  27 orcs
  9 ball pythons
  7 endoplasms
  3 giant cockroaches (D:2)
  2 goblins
  6 hobgoblins
  4 jackals (D:2)
  2 quokkas (D:1)
  8 bats
  3 frilled lizards
  13 kobolds
  3 rats
247 creatures vanquished.

Vanquished Creatures (others)
  5 plants
5 creatures vanquished.

Grand Total: 252 creatures vanquished

Table legend: (Time is in decaauts)
 A = Elapsed time spent in this place.
 B = Non-inter-level travel time spent in this place.
 C = Inter-level travel time spent in this place.
 D = Time resting spent in this place.
 E = Time spent auto-exploring this place.
 F = Levels seen in this place.
 G = Mean time per level.
                   A        B        C        D        E       F      G
               +--------+--------+--------+--------+--------+-----+--------+
         Total |  12195 |  11928 |    267 |   4209 |   6253 |  12 | 1016.2 |
       Dungeon |  11887 |  11620 |    267 |   4183 |   6130 |  10 | 1188.7 |
          Lair |    248 |    248 |      0 |     26 |    119 |   1 |  248.0 |
       Volcano |     60 |     60 |      0 |      0 |      4 |   1 |   60.0 |
               +--------+--------+--------+--------+--------+-----+--------+

Top non-repeatable levels by time:
     D:4: 2175 daAuts
     D:8: 1663 daAuts
    D:10: 1605 daAuts
     D:7: 1349 daAuts
     D:9: 1093 daAuts
     D:5: 1078 daAuts
     D:1: 1023 daAuts
     D:6: 799 daAuts
     D:3: 681 daAuts
     D:2: 417 daAuts
  Lair:1: 248 daAuts
 Volcano: 60 daAuts

Table legend:
 A = Non-vault XP
 B = Vault XP
 C = Vault XP percentage of total XP
 D = Non-vault monster count
 E = Vault monster count
 F = Vault count percentage of total count
                 A         B        C        D         E       F
            +---------+---------+-------+---------+---------+-------
      Total |   15307 |    8631 |  36.1 |     222 |      23 |   9.4
            +---------+---------+-------+---------+---------+-------
        D:1 |      41 |       0 |   0.0 |      25 |       0 |   0.0
        D:2 |      37 |       0 |   0.0 |      14 |       0 |   0.0
        D:3 |      53 |       1 |   1.9 |      12 |       1 |   7.7
        D:4 |     843 |       0 |   0.0 |      23 |       0 |   0.0
        D:5 |    1103 |      99 |   8.2 |      25 |       1 |   3.8
        D:6 |    1253 |       0 |   0.0 |      10 |       0 |   0.0
        D:7 |    2457 |     663 |  21.2 |      36 |       1 |   2.7
        D:8 |    1839 |    1066 |  36.7 |      21 |       2 |   8.7
        D:9 |    2359 |       0 |   0.0 |      23 |       0 |   0.0
       D:10 |    2400 |    1878 |  43.9 |      21 |       3 |  12.5
     Lair:1 |    2922 |    2434 |  45.4 |      12 |       8 |  40.0
    Volcano |       0 |    2490 | 100.0 |       0 |       7 | 100.0
            +---------+---------+-------+---------+---------+-------
